 Dungeon Sprint DCSS version 0.17-a0-945-g601bd79 (webtiles) character file.

36283 ahoge the Bludgeoner (level 13, -9/96 HPs)
             Began as a Gargoyle Fighter on May 6, 2015.
             Was a High Priest of Okawaru.
             Killed from afar by a fire giant (21 damage)
             ... with a fireball
             ... in the Dungeon (Sprint IX: "|||||||||||||||||||||||||||||").
             The game lasted 00:18:06 (2272 turns).

ahoge the Bludgeoner (Gargoyle Fighter)             Turns: 2272, Time: 00:18:06

Health: -9/96      AC: 29    Str: 23    XL:     13   Next: 89%
Magic:  18/21      EV: 21    Int:  7    God:    Okawaru [*****.]
Gold:   1276       SH: 17    Dex: 13    Spells: 0 memorised, 12 levels left

rFire  . . .     SeeInvis +     E - +8 mace of the Establishment {venom, +Blink rElec rC++ Int-3}
rCold  + + .     Clarity  .     D - +1 scale mail of Mirth {rElec rN+ MR- rCorr}
rNeg   + + .     SustAb   .     c - +0 shield
rPois  ∞         Gourm    .     x - +0 hat {MR+}
rElec  +         Spirit   .     C - +2 cloak of Herghiav {+Fly Regen+ SInv Stlth-}
rCorr  +         Warding  .     I - +1 pair of gloves
rMut   .         NoTele   +     H - +1 pair of boots
MR     .....                    (no amulet)
Stlth  ++........               u - +3 ring of strength
                                s - +2 ring of evasion

@: heroism, finesse, not resistant to hostile enchantments, unstealthy
A: negative energy resistance 1, electricity resistance, unbreathing,
petrification resistance, rot immunity, AC +9
a: Heroism, Finesse, Renounce Religion, Evoke Blink, Evoke Flight


You were in the Dungeon.
You worshipped Okawaru.
Okawaru was extremely pleased with you.
You were very hungry.

You visited 1 branch You collected 1937 gold pieces.
You spent 661 gold pieces at shops.

Inventory:

Hand weapons
 n - a +2 morningstar of venom
 q - a +2 morningstar of protection
 w - the +6 morningstar of the Shining Light {freeze, SInv}
   (Okawaru gifted it to you in the Dungeon)

   It has been specially enchanted to freeze those struck by it, causing extra
   injury to most foes and up to half again as much damage against particularly
   susceptible opponents.
   It can also slow down cold-blooded creatures.
   It enhances your eyesight.
 E - the +8 mace of the Establishment (weapon) {venom, +Blink rElec rC++ Int-3}
   (Okawaru gifted it to you in the Dungeon)

   It poisons the flesh of those it strikes.
   It affects your intelligence (-3).
   It greatly protects you from cold.
   It insulates you from electricity.
   It lets you blink.
Armour
 c - a +0 shield (worn)
 e - a +0 helmet
 j - a +1 plate armour of magic resistance
 o - a +1 ring mail of positive energy
 t - a +2 ring mail
 x - a +0 hat of magic resistance (worn)
 C - the +2 cloak of Herghiav (worn) {+Fly Regen+ SInv Stlth-}
   (You bought it in a shop in the Dungeon)

   It enhances your eyesight.
   It lets you fly.
   It increases your rate of regeneration.
   It makes you less stealthy.
 D - the +1 scale mail of Mirth (worn) {rElec rN+ MR- rCorr}
   (You bought it in a shop in the Dungeon)

   It insulates you from electricity.
   It protects you from negative energy.
   It affects your resistance to hostile enchantments.
   It protects you from acid and corrosion.
 H - a +1 pair of boots (worn)
 I - a +1 pair of gloves (worn)
Jewellery
 a - an uncursed ring of ice
 s - a +2 ring of evasion (left hand)
 u - a +3 ring of strength (right hand)
 F - an uncursed ring of protection from magic
 G - an uncursed ring of ice
Magical devices
 p - a wand of cold (7)
Scrolls
 k - 3 scrolls of blinking
 y - 2 scrolls of fear
Potions
 b - 2 potions of agility
 d - a potion of might
 f - 8 potions of curing
 h - a potion of haste
 i - 4 potions of magic
 m - a potion of invisibility
 r - a potion of brilliance
 v - a potion of resistance
Comestibles
 l - 6 chunks of flesh
 z - 40 fruits
 A - 12 bread rations
 B - 12 meat rations


   Skills:
 + Level 17.5(22.5) Fighting
 + Level 19.4(24.4) Maces & Flails
 + Level 10.9(15.9) Armour
 + Level 12.4(17.4) Dodging
 + Level 3.9(8.9) Stealth
 + Level 17.6(22.6) Shields
 + Level 11.1 Invocations
 + Level 1.2 Evocations


You had 12 spell levels left.
You didn't know any spells.

Dungeon Overview and Level Annotations

Branches:
Dungeon (1/1)

Altars:
Cheibriados
Dithmenos
Elyvilon
Fedhas
Gozag
Kikubaaqudgha
Makhleb
Nemelex Xobeh
Okawaru
Qazlal
Ru
Sif Muna
Trog
Vehumet
Xom
Yredelemnul
Zin
The Shining One
Beogh
Jiyva
Lugonu

Shops:
D %?[[


Innate Abilities, Weirdness & Mutations

You are resistant to torment.
Your stone body is resilient (AC +9).
You are immune to poison.
You resist negative energy.
You are resistant to electric shocks.
You can survive without breathing.
You are immune to petrification.
You are immune to rotting.


Message History

You are too injured to fight recklessly!
You hit the fire dragon.
The fire dragon is moderately wounded.
You sock the fire dragon!
The fire dragon is heavily wounded.
You thump the fire dragon!
The fire dragon is heavily wounded.
You block the fire dragon's attack. The fire dragon misses you.
The fire dragon closely misses you.
You sock the fire dragon!
The fire dragon is severely wounded.
You sock the fire dragon!
The fire dragon is almost dead.
You sock the fire dragon!
The fire dragon is almost dead.
You kill the fire dragon!
Okawaru is honoured by your kill.
The fire giant gestures at you while chanting.
The fireball explodes!
The fireball engulfs you!
You die...

.▓.▓.▓.▓.▓.▓.▓.▓.▓
.▓.▓.▓.▓'▓.▓.▓.▓.▓
.▓.▓.▓.▓.▓.▓.▓.▓.▓
.▓.▓.▓.▓=▓.▓.▓.▓.▓
.▓.▓.▓.▓.▓.▓.▓.▓.▓
.▓.▓)▓.▓.▓.▓.▓.▓.▓
)▓.▓)▓.▓.▓.▓.▓.▓.▓
.▓.▓)▓.▓)▓.▓'▓.▓.▓
.▓.▓)▓.▓)▓.▓%▓.▓@▓
.▓.▓)▓.▓)▓.▓.▓.▓C▓
.▓.▓)▓.▓)▓.▓)▓.▓C▓
.▓.▓)▓.▓)▓.▓.▓.▓C▓
.▓.▓)▓.▓)▓.▓)▓.▓O▓
÷▓.▓)▓.▓)▓.▓.▓.▓Y▓
%▓.▓.▓.▓)▓.▓.▓.▓i▓
[▓.▓.▓.▓.▓.▓.▓.▓Y▓
.▓.▓.▓.▓[▓.▓.▓.▓i▓


You could see a frost giant, a fire giant, 2 death yaks, an ettin, an ogre mage
(invisible) and a spriggan berserker.

Vanquished Creatures
  A greater naga (D)
  Maud (D)
  A stone giant (D)
  2 ettins (D)
  A fire dragon (D)
  A merfolk impaler (D)
  A rakshasa (D)
  A hydra (D)
  A naga warrior (D)
  A catoblepas (D)
  A centaur warrior (D)
  2 alligators (D)
  A tengu warrior (D)
  2 orc high priests (D)
  4 death yaks (D)
  2 naga sharpshooters (D)
  2 sea snakes (D)
  An unseen horror (D)
  A swamp dragon (D)
  A wizard (D)
  A wolf spider (D)
  A necromancer (D)
  5 orc sorcerers (D)
  An orb spider (D)
  A salamander (D)
  2 orc knights (D)
  2 hornets (D)
  2 manticores (D)
  A griffon (D)
  A black mamba (D)
  2 naga magi (D)
  A water nymph (D)
  Joseph (D)
  4 spiny frogs (D)
  A torpor snail (D)
  2 yaktaurs (D)
  An efreet (D)
  A kobold demonologist (D)
  A komodo dragon (D)
  A demonic crawler (D)
  A merfolk (D)
  A jumping spider (D)
  2 trolls (D)
  A bog body (D)
  A snapping turtle (D)
  A blink frog (D)
  A spriggan (D)
  A ynoxinul (D)
  A tarantella (D)
  A wraith (D)
  2 trapdoor spiders (D)
  A basilisk (D)
  4 yaks (D)
  3 hippogriffs (D)
  A steam dragon (D)
  A naga (D)
  A hungry ghost (D)
  3 water moccasins (D)
  A porcupine (D)
  A wasp (D)
  12 orc warriors (D)
  A crocodile (D)
  2 giant frogs (D)
  2 killer bees (D)
  3 jellies (D)
  A crimson imp (D)
  6 orc wizards (D)
  An orc priest (D)
  A worker ant (D)
  A river rat (D)
  A shadow imp (D)
  An ufetubus (D)
  An adder zombie (D)
  A giant gecko (D)
  10 orcs (D)
  2 bat skeletons (D)
  2 goblins (D)
  2 hobgoblins (D)
  2 kobolds (D)
  A bat (D)
  A giant newt (D)
143 creatures vanquished.

Vanquished Creatures (others)
  A fire giant (D)
  An orc wizard (D)
2 creatures vanquished.

Grand Total: 145 creatures vanquished

Notes
Turn   | Place    | Note
--------------------------------------------------------------
     0 | D        | ahoge, the Gargoyle Fighter, began the quest for the Orb.
     0 | D        | Reached XP level 1. HP: 14/14 MP: 1/1
     8 | D        | Reached skill level 4 in Shields
   112 | D        | Noticed a jelly
   112 | D        | Noticed a worker ant
   114 | D        | Reached XP level 2. HP: 18/20 MP: 2/2
   125 | D        | Killed a jelly
   125 | D        | Reached skill level 5 in Fighting
   125 | D        | Reached skill level 5 in Armour
   125 | D        | Reached skill level 5 in Shields
   125 | D        | Reached XP level 3. HP: 21/26 MP: 3/3
   127 | D        | Killed a worker ant
   127 | D        | Reached skill level 1 in Dodging
   127 | D        | Reached XP level 4. HP: 26/31 MP: 4/4
   134 | D        | Found a glowing silver altar of Zin.
   134 | D        | Found a glowing golden altar of the Shining One.
   134 | D        | Found an ancient bone altar of Kikubaaqudgha.
   134 | D        | Found a basalt altar of Yredelemnul.
   134 | D        | Found a shimmering altar of Xom.
   134 | D        | Found a radiant altar of Vehumet.
   135 | D        | Found an iron altar of Okawaru.
   136 | D        | Found a burning altar of Makhleb.
   137 | D        | Found a deep blue altar of Sif Muna.
   138 | D        | Found a bloodstained altar of Trog.
   139 | D        | Found a sparkling altar of Nemelex Xobeh.
   140 | D        | Found a white marble altar of Elyvilon.
   141 | D        | Found a roughly hewn altar of Beogh.
   142 | D        | Found a viscous altar of Jiyva.
   143 | D        | Became a worshipper of Warmaster Okawaru
   144 | D        | Found a corrupted altar of Lugonu.
   145 | D        | Found a blossoming altar of Fedhas.
   146 | D        | Found a snail-covered altar of Cheibriados.
   147 | D        | Found a shadowy altar of Dithmenos.
   148 | D        | Found a stormy altar of Qazlal.
   149 | D        | Found an opulent altar of Gozag.
   150 | D        | Found a sacrificial altar of Ru.
   214 | D        | Noticed a wraith
   214 | D        | Noticed a killer bee
   232 | D        | Killed a wraith
   232 | D        | Acquired Okawaru's first power
   232 | D        | Reached skill level 7 in Fighting
   232 | D        | Reached XP level 5. HP: 22/38 MP: 5/5
   245 | D        | Killed a killer bee
   245 | D        | Reached XP level 6. HP: 27/44 MP: 4/6
   274 | D        | Killed an unseen horror
   274 | D        | Reached skill level 9 in Fighting
   274 | D        | Reached skill level 5 in Dodging
   274 | D        | Reached skill level 1 in Invocations
   274 | D        | Reached XP level 7. HP: 46/51 MP: 4/7
   287 | D        | Noticed an orc wizard
   287 | D        | Noticed a killer bee
   287 | D        | Noticed a troll
   287 | D        | Noticed a jelly
   287 | D        | Noticed a troll
   295 | D        | Killed an orc wizard
   297 | D        | Killed a killer bee
   297 | D        | Reached skill level 10 in Shields
   297 | D        | Reached XP level 8. HP: 54/56 MP: 6/9
   304 | D        | Killed a troll
   305 | D        | Killed a jelly
   311 | D        | Killed a troll
   435 | D        | Noticed a giant frog
   435 | D        | Noticed a komodo dragon
   435 | D        | Noticed a hippogriff
   435 | D        | Noticed a water moccasin
   435 | D        | Noticed a basilisk
   435 | D        | Noticed a water moccasin
   439 | D        | Noticed a steam dragon
   440 | D        | Killed a giant frog
   443 | D        | Killed a komodo dragon
   443 | D        | Reached skill level 11 in Shields
   445 | D        | Killed a hippogriff
   445 | D        | Reached XP level 9. HP: 60/62 MP: 7/10
   451 | D        | Killed a water moccasin
   452 | D        | Noticed a hippogriff
   455 | D        | Noticed a spiny frog
   459 | D        | Killed a basilisk
   459 | D        | Reached skill level 10 in Fighting
   463 | D        | Killed a water moccasin
   463 | D        | Reached skill level 1 in Stealth
   468 | D        | Killed a steam dragon
   473 | D        | Killed a hippogriff
   481 | D        | Killed a spiny frog
   481 | D        | Reached skill level 10 in Maces & Flails
   481 | D        | Reached skill level 12 in Shields
   501 | D        | Noticed a yak
   501 | D        | Noticed a porcupine
   501 | D        | Noticed a water moccasin
   501 | D        | Noticed a hippogriff
   501 | D        | Noticed a crocodile
   504 | D        | Killed a yak
   506 | D        | Noticed a griffon
   512 | D        | Noticed a blink frog
   514 | D        | Killed a porcupine
   518 | D        | Killed a water moccasin
   522 | D        | Noticed a spiny frog
   524 | D        | Killed a hippogriff
   538 | D        | Killed a griffon
   538 | D        | Reached XP level 10. HP: 36/70 MP: 12/12
   541 | D        | Killed a crocodile
   546 | D        | Killed a spiny frog
   554 | D        | Killed a blink frog
   554 | D        | Acquired Okawaru's second power
   570 | D        | Noticed a death yak
   570 | D        | Noticed a yak
   570 | D        | Noticed a yak
   570 | D        | Noticed a death yak
   570 | D        | Noticed a death yak
   570 | D        | Noticed a yak
   574 | D        | Noticed a catoblepas
   577 | D        | Killed a death yak
   577 | D        | Reached skill level 13 in Shields
   578 | D        | Noticed a death yak
   585 | D        | Killed a death yak
   591 | D        | Killed a yak
   595 | D        | Killed a yak
   614 | D        | Killed a death yak
   625 | D        | Killed a catoblepas
   625 | D        | Received a gift from Okawaru
   625 | D        | Reached skill level 10 in Dodging
   625 | D        | Reached XP level 11. HP: 57/76 MP: 13/13
   631 | D        | Killed a death yak
   635 | D        | Killed a yak
   711 | D        | Noticed Joseph
   726 | D        | Killed Joseph
   798 | D        | Noticed an orc wizard
   798 | D        | Noticed an orc warrior
   798 | D        | Noticed an orc wizard
   798 | D        | Noticed an orc warrior
   801 | D        | Killed an orc wizard
   802 | D        | Noticed an orc wizard
   807 | D        | Noticed an orc priest
   815 | D        | Killed an orc warrior
   816 | D        | Noticed an orc wizard
   822 | D        | Killed an orc warrior
   823 | D        | Noticed an orc warrior
   825 | D        | Killed an orc wizard
   826 | D        | Noticed an orc wizard
   830 | D        | Killed an orc wizard
   832 | D        | Noticed an orc warrior
   833 | D        | Killed an orc priest
   838 | D        | Killed an orc warrior
   844 | D        | Killed an orc wizard
   849 | D        | Killed an orc warrior
   863 | D        | Killed an orc wizard
   908 | D        | Noticed an orc warrior
   908 | D        | Noticed an orc warrior
   908 | D        | Noticed an orc warrior
   908 | D        | Noticed an orc warrior
   908 | D        | Noticed an orc high priest
   908 | D        | Noticed an orc warrior
   917 | D        | Killed an orc warrior
   918 | D        | Noticed an orc warrior
   924 | D        | Killed an orc warrior
   925 | D        | Noticed an orc warrior
   928 | D        | Killed an orc warrior
   929 | D        | Noticed an orc warrior
   930 | D        | Killed an orc warrior
   930 | D        | Reached skill level 5 in Invocations
   931 | D        | Noticed an orc knight
   940 | D        | Killed an orc high priest
   940 | D        | Reached skill level 14 in Maces & Flails
   942 | D        | Killed an orc warrior
   943 | D        | Noticed an orc wizard
   950 | D        | Killed an orc warrior
   965 | D        | Killed an orc knight
   969 | D        | Killed an orc warrior
   975 | D        | Killed an orc warrior
   981 | D        | Killed an orc wizard
  1024 | D        | Found Caesh's Food Emporium.
  1024 | D        | Noticed an orc knight
  1024 | D        | Noticed an orc sorcerer
  1024 | D        | Noticed an orc sorcerer
  1035 | D        | Killed an orc knight
  1050 | D        | Noticed an orc sorcerer
  1050 | D        | Killed an orc sorcerer
  1052 | D        | Found Ethrureb's Magic Scroll Shoppe.
  1058 | D        | Found Walen's Armour Emporium.
  1067 | D        | Killed an orc sorcerer
  1069 | D        | Found Nunauken's Armour Shoppe.
  1077 | D        | Killed an orc sorcerer
  1077 | D        | Reached skill level 15 in Maces & Flails
  1077 | D        | Reached skill level 10 in Armour
  1078 | D        | Noticed an orc sorcerer
  1083 | D        | Noticed an orc sorcerer
  1087 | D        | Noticed an orc high priest
  1091 | D        | Killed an orc sorcerer
  1091 | D        | Received a gift from Okawaru
  1100 | D        | Killed an orc sorcerer
  1107 | D        | Noticed a sun demon
  1108 | D        | Killed an orc high priest
  1108 | D        | Reached XP level 12. HP: 48/86 MP: 13/17
  1152 | D        | Got a twisted mace {god gift}
  1169 | D        | Identified the +8 mace of the Establishment {venom, +Blink rElec rC++ Int-3} (Okawaru gifted it to you in the Dungeon)
  1197 | D        | Bought the +2 cloak of Herghiav {+Fly Regen+ SInv Stlth-} for 290 gold pieces
  1199 | D        | Bought the +1 scale mail of Mirth {rElec rN+ MR- rCorr} for 371 gold pieces
  1396 | D        | Noticed an efreet
  1396 | D        | Noticed a centaur warrior
  1396 | D        | Noticed a crimson imp
  1396 | D        | Noticed a kobold demonologist
  1396 | D        | Noticed a giant frog
  1396 | D        | Noticed a hungry ghost
  1405 | D        | Killed an efreet
  1406 | D        | Noticed a jelly
  1408 | D        | Killed a centaur warrior
  1409 | D        | Noticed a yaktaur
  1414 | D        | Noticed a rakshasa
  1420 | D        | Killed a kobold demonologist
  1424 | D        | Noticed a tengu warrior
  1428 | D        | Killed a crimson imp
  1430 | D        | Killed a giant frog
  1431 | D        | Noticed a necromancer
  1436 | D        | Killed a hungry ghost
  1439 | D        | Killed a jelly
  1440 | D        | Noticed an ettin
  1445 | D        | Killed a yaktaur
  1459 | D        | Noticed a stone giant
  1471 | D        | Noticed a yaktaur
  1476 | D        | Noticed a wizard
  1476 | D        | Killed a tengu warrior
  1476 | D        | Reached skill level 16 in Maces & Flails
  1476 | D        | Reached skill level 1 in Evocations
  1479 | D        | Killed a necromancer
  1491 | D        | Killed an ettin
  1491 | D        | Reached skill level 15 in Shields
  1516 | D        | Killed a stone giant
  1516 | D        | Received a gift from Okawaru
  1516 | D        | Reached skill level 15 in Fighting
  1522 | D        | Killed a yaktaur
  1534 | D        | Killed a rakshasa
  1551 | D        | Killed a wizard
  1673 | D        | Noticed a sea snake
  1673 | D        | Noticed a manticore
  1673 | D        | Noticed a sea snake
  1673 | D        | Noticed a snapping turtle
  1673 | D        | Noticed a merfolk
  1675 | D        | Noticed a manticore
  1679 | D        | Noticed a merfolk impaler
  1684 | D        | Killed a sea snake
  1685 | D        | Noticed a water nymph
  1691 | D        | Killed a manticore
  1691 | D        | Reached skill level 17 in Maces & Flails
  1697 | D        | Killed a sea snake
  1709 | D        | Killed a snapping turtle
  1716 | D        | Killed a merfolk
  1725 | D        | Killed a manticore
  1736 | D        | Killed a merfolk impaler
  1748 | D        | Killed a water nymph
  1748 | D        | Received a gift from Okawaru
  1753 | D        | Got a fine morningstar {god gift}
  1763 | D        | Identified the +6 morningstar of the Shining Light {freeze, SInv} (Okawaru gifted it to you in the Dungeon)
  1773 | D        | Noticed a naga mage
  1773 | D        | Noticed a naga sharpshooter
  1773 | D        | Noticed a naga warrior
  1773 | D        | Noticed a greater naga
  1773 | D        | Noticed a black mamba
  1773 | D        | Noticed a salamander
  1780 | D        | Killed a naga mage
  1781 | D        | Noticed a naga mage
  1789 | D        | Killed a naga sharpshooter
  1790 | D        | Noticed a naga sharpshooter
  1793 | D        | Noticed a naga
  1801 | D        | Killed a greater naga
  1801 | D        | Reached XP level 13. HP: 87/93 MP: 20/20
  1822 | D        | Killed a naga warrior
  1830 | D        | Killed a black mamba
  1830 | D        | Reached skill level 18 in Maces & Flails
  1847 | D        | Killed a naga sharpshooter
  1850 | D        | Killed a salamander
  1854 | D        | Killed a naga mage
  1867 | D        | Killed a naga
  1867 | D        | Received a gift from Okawaru
  1956 | D        | Noticed a jumping spider
  1956 | D        | Noticed a tarantella
  1956 | D        | Noticed a torpor snail
  1956 | D        | Noticed a demonic crawler
  1956 | D        | Noticed a hornet
  1962 | D        | Killed a tarantella
  1969 | D        | Killed a jumping spider
  1973 | D        | Killed a torpor snail
  1973 | D        | Reached skill level 10 in Invocations
  1980 | D        | Killed a demonic crawler
  1981 | D        | Noticed an orb spider
  1987 | D        | Killed a hornet
  1988 | D        | Noticed a wolf spider
  1989 | D        | Noticed a trapdoor spider
  1996 | D        | Killed a wolf spider
  1999 | D        | Noticed a trapdoor spider
  2004 | D        | Killed a trapdoor spider
  2009 | D        | Killed an orb spider
  2039 | D        | Killed a trapdoor spider
  2041 | D        | Noticed a swamp dragon
  2041 | D        | Noticed an alligator
  2041 | D        | Noticed a spriggan rider
  2041 | D        | Noticed an eight-headed hydra
  2041 | D        | Noticed an alligator
  2041 | D        | Noticed a spiny frog
  2042 | D        | Noticed a spiny frog
  2047 | D        | Killed a swamp dragon
  2051 | D        | Killed an alligator
  2052 | D        | Noticed a hornet
  2057 | D        | Noticed a bog body
  2057 | D        | Killed a spriggan
  2059 | D        | Killed a wasp
  2066 | D        | Killed an eight-headed hydra
  2074 | D        | Killed an alligator
  2081 | D        | Killed a spiny frog
  2085 | D        | Killed a spiny frog
  2088 | D        | Killed a hornet
  2088 | D        | Reached skill level 19 in Maces & Flails
  2092 | D        | Killed a bog body
  2117 | D        | Noticed Maud
  2144 | D        | Killed Maud
  2226 | D        | Noticed an ettin
  2226 | D        | Noticed a fire giant
  2226 | D        | Noticed a fire dragon
  2226 | D        | Noticed an ettin
  2226 | D        | Noticed an ogre mage
  2226 | D        | Noticed a fire giant
  2228 | D        | Noticed a frost giant
  2244 | D        | Killed a fire giant
  2252 | D        | Noticed a spriggan berserker
  2252 | D        | Killed an ettin
  2271 | D        | Killed a fire dragon
  2272 | D        | Killed from afar by a fire giant

Action                   |  1- 3 |  4- 6 |  7- 9 | 10-12 | 13-15 || total
-------------------------+-------+-------+-------+-------+-------++-------
Melee: Flail             |    29 |       |       |       |       ||    29
       Morningstar       |       |    57 |   109 |   289 |       ||   455
       Mace              |       |       |       |   237 |   216 ||   453
Invok: Heroism           |       |     2 |     2 |     7 |     3 ||    14
       Finesse           |       |       |       |     6 |     3 ||     9
 Abil: Evoke Flight      |       |       |       |     1 |       ||     1
  Use: Potion            |       |     1 |       |     3 |     2 ||     6
 Stab: Petrified         |       |       |       |     3 |       ||     3
  Eat: Chunk             |       |       |       |     2 |     1 ||     3
       Bread ration      |       |       |       |     1 |       ||     1
